cohdb
Replays
Latest Replays
All Replays
Popular Replays
Top Player Replays
Match Explorer
How It Works
Community
CoH3 Stats
Reddit
Sign in to upload your games and track your stats! →
Sign in with Steam
Match 43103578
Unlisted
Match 43103578
Overview
Messages
Build Orders
End
Construct Section Command Post
Infantry Section
Infantry Section
Dingo Light Scout Car
ML 3-inch Mortar Team
Construct Platoon Command Post
Humber Armored Car
Selects Heavy Armor Battlegroup
Selects Rigorous Vehicle Training
Humber Armored Car
Infantry Section
[82AD] PaulVmax
r33dys
(◣✠◢) Terrifier ✠
(◣✠◢) John1986 ✠
0
0
Comments
sign in to comment!
No comments posted yet!